Description

3 DT warp at 5

Build Order

Get SALT Encoding   

  14  0:21  Pylon  
  16  0:43  Gateway  
  17  0:52  Assimilator  
  19  1:24  Nexus  
  20  1:37  Cybernetics Core  
  21  1:48  Assimilator  
  22  1:56  Pylon  
  26  2:15  Stalker  
  26  2:16  Warp Gate  
  27  2:34  Twilight Council  
  31  2:42  Zealot  
  34  3:07  Robotics Facility  
  37  3:23  Pylon  
  38  3:32  Dark Shrine  
  40  3:44  Gateway  
  40  3:46  Gateway  
  42  3:56  Gateway  
  45  4:03  Warp Prism  
  46  4:08  Assimilator  
  46  4:12  Assimilator  
  48  4:14  Mothership Core  
  49  4:22  Pylon  
  49  4:26  Pylon  
  50  4:51  Adept  
  50  5:01  Dark Templar x3  
Spawning Tool Build Advisor. Get it on Overwolf

Go to:

Details

  • Created by: sackzii
  • Published on: Jan 12, 2017
  • Modified on: Jan 12, 2017
  • Patch: 3.8.0
Show
View Real Time Build Order
Export as new Build Order

Comments (0)

There are no comments. Be the first!

Create an account to comment!